 Dungeon Crawl Stone Soup version 0.27-a0-1565-gad902ab807 (webtiles) character file.

Game seed: 14498966035826917114

4 bilbop the Caller (level 1, 0/10 HPs)
             Began as a Kobold Summoner on July 17, 2021.
             Slain by a rat (2 damage)
             ... on level 1 of the Dungeon.
             The game lasted 00:04:16 (1018 turns).

bilbop the Caller (Kobold Summoner)                 Turns: 1018, Time: 00:04:17

Health: 0/10       AC:  2    Str:  5    XL:     1   Next: 66%
Magic:  0/3        EV: 15    Int: 16    God:
Gold:   12         SH:  0    Dex: 15    Spells: 3/4 levels left

rFire    . . .     SeeInvis .   (weapon restricted)
rCold    . . .     Faith    .   (shield restricted)
rNeg     . . .     Spirit   .   a - +0 robe
rPois    .         Reflect  .   (no helmet)
rElec    .         Harm     .   (no cloak)
rCorr    .         Rampage  .   (no gloves)
Will     .....                  (no boots)
Stlth    +++.......             (no amulet)
HPRegen  0.03/turn              (no ring)
MPRegen  0.08/turn              (no ring)

@: no status effects
A: small, no large weapons, nightstalker 3
a: no special abilities


You were on level 1 of the Dungeon.
You visited 1 branch of the dungeon, and saw 1 of its levels.

You collected 12 gold pieces.

Inventory:

Missiles
 f - 14 bolts
Armour
 a - a +0 robe (worn)
Jewellery
 c - a ring of see invisible
Scrolls
 b - a scroll of identify {unknown}
 d - a scroll of immolation {unknown}
 e - a scroll of enchant armour {unknown}


   Skills:
 + Level 0.2 Fighting
 + Level 0.6 Short Blades
 + Level 2.5 Dodging
 + Level 2.7 Stealth
 + Level 2.2 Spellcasting
 + Level 4.0 Summonings


You had 3 spell levels left.
You knew the following spells:

 Your Spells              Type           Power      Damage    Failure   Level
a - Summon Small Mammal   Summ           56%        N/A       3%          1

Your spell library contained the following spells:

 Spells                   Type           Power      Damage    Failure   Level
 Call Imp                 Summ           14%        N/A       6%          2
 Call Canine Familiar     Summ           14%        N/A       12%         3
 Summon Guardian Golem    Hex/Summ       8%         N/A       26%         3
 Summon Lightning Spire   Summ/Air       8%         N/A       65%         4


Dungeon Overview and Level Annotations

Branches:
Dungeon (1/15)

Altars:


Innate Abilities, Weirdness & Mutations

You are small and have problems with some larger weapons.
You are completely attuned to the shadows.


Message History

The hobgoblin is severely wounded.
The hobgoblin barely misses you. The rat barely misses you.
You barely miss the hobgoblin.
The hobgoblin is severely wounded.
The hobgoblin closely misses you. The rat closely misses you.
You barely miss the hobgoblin.
The hobgoblin is severely wounded.
The hobgoblin closely misses you. The rat closely misses you.
You closely miss the hobgoblin.
The hobgoblin is severely wounded.
The hobgoblin closely misses you. The rat misses you. The hobgoblin misses you.
The rat closely misses you.
You hit the hobgoblin but do no damage.
The hobgoblin is severely wounded.
Your bat hits the hobgoblin but does no damage. x2
The hobgoblin completely misses you. The rat misses you.
You barely miss the hobgoblin.
The hobgoblin is severely wounded.
Your bat closely misses the hobgoblin.
The hobgoblin hits you. The rat bites you.
* * * LOW HITPOINT WARNING * * *
You barely miss the hobgoblin.
The hobgoblin is severely wounded.
Your bat closely misses the hobgoblin.
Your bat hits the hobgoblin but does no damage.
The hobgoblin hits you.
* * * LOW HITPOINT WARNING * * *
The rat misses you.
Your bat hits the hobgoblin but does no damage.
You barely miss the hobgoblin.
The hobgoblin is severely wounded.
Your bat barely misses the hobgoblin.
Your bat hits the hobgoblin but does no damage.
The hobgoblin misses you. The rat barely misses you.
Your bat closely misses the hobgoblin.
You barely miss the hobgoblin.
The hobgoblin is severely wounded.
Your bat hits the hobgoblin. The hobgoblin barely misses your bat.
The rat bites you.
You die...

.....#.#.###'###'##
.....#.#.#.........
####.#.#.#.8.⌠⌠⌠(⌠⌠ #..#
#.#.#.#.........
#..##...#.# #.#≈≈≈≈≈≈≈≈≈
####..##...#
#.#≈≈≈≈≈≈≈≈≈ .....§##...
#.#≈≈≈≈≈≈≈≈≈
#.###.#####.#.#≈≈≈≈≈≈≈≈≈
#....bg@r...#.#≈≈≈≈≈≈≈≈≈
#####.#######.#≈≈≈≈≈≈≈≈≈
#.........#≈≈≈≈≈≈≈≈≈
###########≈≈≈≈≈≈≈≈≈
#≈≈≈≈≈≈≈≈≈ #≈≈≈≈≈≈≈≈≈
#≈≈≈≈≈≈≈≈≈ #≈≈≈≈≈...≈
#≈≈≈≈..<..


You could see a hobgoblin (ally target), a rat and a friendly bat (summoned).

Vanquished Creatures
  A jackal (D:1)
1 creature vanquished.

Vanquished Creatures (collateral kills)
  A hobgoblin (D:1)
  A jackal (D:1)
  2 bats (D:1)
  A rat (D:1)
5 creatures vanquished.

Grand Total: 6 creatures vanquished

Notes
Turn   | Place    | Note
-------+----------+-------------------------------------------
     0 | D:1      | bilbop the Kobold Summoner began the quest for the Orb.
     0 | D:1      | Reached XP level 1. HP: 10/10 MP: 3/3
  1018 | D:1      | Slain by a rat

Illustrated notes

Levels and vault maps discovered:
D:1:      zaba_arrival_water, layout_basic, serial_shops, shop_statue,
          shapermc_ecumenical_altar_petra

Action                   || total
-------------------------++-------
Melee: Unarmed           ||    23
 Cast: Summon Small Mamm ||    20
 Stab: Distracted        ||     1
Armor: Robe              ||     4
Dodge: Dodged            ||    34

Table legend: (Time is in decaauts)
 A = Elapsed time spent in this place.
 B = Non-inter-level travel time spent in this place.
 C = Inter-level travel time spent in this place.
 D = Time resting spent in this place.
 E = Time spent auto-exploring this place.
 F = Levels seen in this place.
 G = Mean time per level.
                   A        B        C        D        E       F      G
               +--------+--------+--------+--------+--------+-----+--------+
         Total |   1040 |   1023 |     17 |      0 |    916 |   1 | 1040.0 |
       Dungeon |   1040 |   1023 |     17 |      0 |    916 |   1 | 1040.0 |
               +--------+--------+--------+--------+--------+-----+--------+

Top non-repeatable levels by time:
     D:1: 1040 daAuts
